 Dungeon Crawl Stone Soup version 0.17-a0-2158-g6d76252 (webtiles) character file.

525 Hedron the Martial Artist (level 7, -1/69 HPs)
             Began as an Octopode Monk on Oct 25, 2015.
             Slain by a gnoll
             ... wielding a +0 spear
              (3 damage)
             ... on level 3 of the Dungeon.
             The game lasted 00:06:18 (3061 turns).

Hedron the Martial Artist (Octopode Monk)           Turns: 3061, Time: 00:06:21

Health: -1/69      AC: 23    Str: 17    XL:     7   Next: 23%
Magic:  7/7        EV:  2    Int: 13    God:
Gold:   99         SH:  5    Dex: 19    Spells: 0 memorised, 6 levels left

rFire  . . .     SeeInvis .       - Unarmed
rCold  . . .     Clarity  .     e - +1 buckler
rNeg   + + +     SustAt   .     (helmet currently unavailable)
rPois  +         Gourm    .     (no amulet)
rElec  .         Spirit   .     (no ring)
rCorr  .         Warding  .     (no ring)
rMut   .         NoTele   +     (no ring)
MR     .....                    (no ring)
Stlth  ++++......               (no ring)
                                (no ring)
                                (no ring)
                                (no ring)

@: mighty, agile, tree-form, not resistant to hostile enchantments, stealthy
A: almost no armour, amphibious, 8 rings, (constrict 8), (camouflage 0),
(gelatinous body 0)
a: no special abilities


You were on level 3 of the Dungeon.
You were not hungry.
You were a tree.
You visited 1 branch of the dungeon, and saw 3 of its levels.

You collected 99 gold pieces.

Inventory:

Missiles
 d - 2 javelins (quivered)
Armour
 e - a +1 buckler (worn)
Scrolls
 b - a scroll of enchant armour
 k - a scroll of amnesia
 l - a scroll of remove curse {unknown}
 m - a scroll of enchant weapon {unknown}
 o - a scroll of fog {unknown}
 p - a scroll of random uselessness {unknown}
 q - a scroll of noise {unknown}
 r - a scroll of recharging {unknown}
Potions
 i - a potion of agility
 j - 2 potions of flight
Comestibles
 a - 3 bread rations
 c - 2 beef jerkies
 h - 3 chunks of flesh
 n - a meat ration


   Skills:
 - Level 3.0 Fighting
 - Level 3.0 Dodging
 - Level 2.6 Stealth
 + Level 8.5 Unarmed Combat


You had 6 spell levels left.
You didn't know any spells.

Dungeon Overview and Level Annotations

Branches:
Dungeon (3/15)

Altars:
Kikubaaqudgha
Nemelex Xobeh
Trog


Innate Abilities, Weirdness & Mutations

You cannot wear most types of armour.
You are amphibious.
You can wear up to eight rings at the same time.
((You can use your tentacles to constrict eight enemies at once.))
((Your skin changes colour to match your surroundings (Stealth).))
((Your rubbery body absorbs attacks (AC +1).))


Message History

A hobgoblin comes into view. It is wielding a club.
You barely miss the kobold. The gnoll hits you but does no damage.
The kobold hits you but does no damage.
You barely miss the kobold. You block the kobold's attack.
The gnoll hits you but does no damage. The kobold hits you but does no damage.
A goblin comes into view. It is wielding a club.
The goblin shouts! x2
The hobgoblin shouts!
You hit the kobold.
The kobold is moderately wounded.
The kobold hits you with a whip.
* * * LOW HITPOINT WARNING * * *
You block the gnoll's attack. The gnoll hits you but does no damage.
You smack the goblin!
You kill the goblin!
The kobold hits you.
* * * LOW HITPOINT WARNING * * *
The kobold barely misses you. The gnoll hits you but does no damage.
The gnoll hits you from afar with a spear.
You die...

#####################
≈≈≈≈≈≈≈≈≈≈≈≈≈≈≈≈≈≈≈≈########
≈≈≈≈≈≈≈≈≈≈≈≈≈≈≈≈≈≈≈≈≈≈≈≈≈≈≈####
≈≈≈≈≈≈≈≈≈≈≈≈≈≈≈≈≈≈≈≈≈#####≈≈≈≈##
###################### #≈≈≈≈≈##
#..........(g..# #≈≈≈≈≈≈#
+.........)Kg..# #≈≈≈≈≈≈#
#######.........♣KgK.# ##≈≈≈≈≈≈≈
..........########gg%g..#≈≈≈≈≈≈≈≈
..........# #.K.g..#≈≈≈≈≈≈≈≈
..........# #.g....#≈≈≈≈≈≈≈≈
#######....... ....##'##≈≈≈≈≈≈≈
+........ ....# $#≈≈≈≈≈≈≈
#........ ....# #≈≈≈≈≈≈≈
###################### #≈≈≈≈≈≈≈
≈≈≈≈≈≈≈≈≈≈≈≈≈≈≈≈≈≈≈≈≈#####≈≈≈≈≈≈≈


You could see 2 gnolls, 3 hobgoblins, 2 goblins and 4 kobolds.

Vanquished Creatures
  The ghost of Darguel the Sneak, an amateur VSAs (D:3)
  An orc warrior (D:2)
  A big kobold (D:3)
  A giant frog (D:3)
  An orc wizard (D:3)
  2 adders (D:2)
  2 gnolls (D:3)
  4 worms
  A giant gecko (D:1)
  5 orcs (D:3)
  A giant cockroach (D:3)
  10 hobgoblins
  7 kobolds
  4 quokkas
  2 bats
  A giant newt (D:1)
  13 goblins
  6 rats
63 creatures vanquished.

Vanquished Creatures (others)
  A wizard (D:3)
1 creature vanquished.

Grand Total: 64 creatures vanquished

Notes
Turn   | Place    | Note
--------------------------------------------------------------
     0 | D:1      | Hedron the Octopode Monk began the quest for the Orb.
     0 | D:1      | Reached XP level 1. HP: 16/16 MP: 1/1
   222 | D:1      | Reached XP level 2. HP: 18/21 MP: 2/2
  1188 | D:2      | Reached XP level 3. HP: 23/26 MP: 3/3
  1295 | D:2      | Reached skill level 5 in Unarmed Combat
  1703 | D:2      | Found a sparkling altar of Nemelex Xobeh.
  1706 | D:2      | Found an ancient bone altar of Kikubaaqudgha.
  1794 | D:2      | Noticed an orc warrior
  1811 | D:2      | Killed an orc warrior
  1811 | D:2      | Reached skill level 6 in Unarmed Combat
  1811 | D:2      | Reached XP level 4. HP: 11/31 MP: 4/4
  1811 | D:2      | Reached XP level 5. HP: 12/36 MP: 5/5
  2470 | D:3      | Found a bloodstained altar of Trog.
  2471 | D:3      | Noticed a wizard
  2476 | D:3      | Killed a wizard
  2526 | D:3      | Noticed Darguel's ghost (amateur VSAs)
  2564 | D:3      | Killed Darguel's ghost
  2564 | D:3      | Reached skill level 7 in Unarmed Combat
  2564 | D:3      | Reached XP level 6. HP: 17/42 MP: 6/6
  2845 | D:3      | Reached skill level 8 in Unarmed Combat
  3036 | D:3      | Reached XP level 7. HP: 17/46 MP: 7/7
  3061 | D:3      | HP: 2/69 [kobold (2)]
  3061 | D:3      | Slain by a gnoll

Vault maps used:
D:1:      dpeg_arrival_water_temple_mockup
D:2:      minitemple, minmay_misc_feat_nine_boxes
D:3:      minmay_goblin_kobold_castle, first_bread, trog_wizard

Action                   |  1- 3 |  4- 6 |  7- 9 || total
-------------------------+-------+-------+-------++-------
Melee: Unarmed           |    69 |    66 |    15 ||   150
Throw: Javelin           |       |     2 |       ||     2
  Use: Scroll            |     2 |     1 |     1 ||     4
       Potion            |     1 |       |     4 ||     5
 Stab: Sleeping          |     8 |     6 |       ||    14
       Distracted        |     1 |       |       ||     1
  Eat: Chunk             |     3 |     4 |       ||     7
